 Seeded DCSS version 0.28.0-53-g5a82cb258f (webtiles) character file.

Game seed: 1973 (custom seed)

1439 Kazon the Covert (level 8, -6/42 HPs)
             Began as a Vine Stalker Brigand on July 13, 2022.
             Was a Follower of Makhleb.
             Mangled by a komodo dragon (19 damage)
             ... on level 7 of the Dungeon.
             The game lasted 00:23:18 (4296 turns).

Kazon the Covert (Vine Stalker Brigand)             Turns: 4296, Time: 00:23:19

Health: -6/42      AC:  5    Str: 17    XL:     8   Next: 74%
Magic:  0/11       EV:  7    Int: 11    God:    Makhleb [*.....]
Gold:   179        SH: 11    Dex: 15    Spells: 8/9 levels left

rFire   + . .      SeeInvis .   q - +5 quick blade
rCold   . . .      Faith    .   c - +0 tower shield
rNeg    . . .      Spirit   +   z - +0 leather armour {rF+}
rPois   .          Reflect  .   (no helmet)
rElec   .          Harm     .   w - +0 cloak
rCorr   .          Rampage  .   (no gloves)
Will    +....                   a - +0 pair of boots
Stlth   ++++......              m - amulet of magic regeneration
HPRegen 0.94/turn               (no ring)
MPRegen 0.52/turn               (no ring)

@: no status effects
A: fangs 3, regeneration 1, magic shield, antimagic bite, no potion heal 2
a: Renounce Religion


You were on level 7 of the Dungeon.
You worshipped Makhleb.
Makhleb was aware of your devotion.
You visited 2 branches of the dungeon, and saw 8 of its levels.

You collected 311 gold pieces.
You spent 132 gold pieces at shops.

Inventory:

Hand Weapons
 e - a +2 vampiric dagger
 q - a +5 quick blade (weapon)
 v - a +1 short sword of venom
Missiles
 d - 17 poisoned darts
 g - 2 curare-tipped darts
 h - 186 stones (quivered)
Armour
 a - a +0 pair of boots (worn)
 c - a +0 tower shield (worn)
 w - a +0 cloak (worn)
 z - a +0 leather armour of fire resistance (worn)
 G - an orb of wrath
Jewellery
 f - a ring of fire
 m - an amulet of magic regeneration (around neck)
Wands
 n - a wand of flame (18)
Scrolls
 b - a scroll of blinking {unknown}
 j - 2 scrolls of fog
 o - 2 scrolls of teleportation
 t - a scroll of fear {unknown}
 x - a scroll of holy word {unknown}
 y - 2 scrolls of immolation {unknown}
 B - a scroll of brand weapon {unknown}
 C - a scroll of vulnerability {unknown}
 H - a scroll of enchant armour {unknown}
Potions
 i - 2 potions of berserk rage
 k - 3 potions of might
 l - 5 potions of curing
 p - a potion of resistance
 r - 2 potions of flight
 s - a potion of cancellation {unknown}
 u - 2 potions of attraction {unknown}
 A - 2 potions of invisibility {unknown}
 D - a potion of mutation
 E - a potion of lignification
 F - a potion of brilliance {unknown}


   Skills:
 * Level 4.0 Fighting
 + Level 4.7 Short Blades
 + Level 2.7 Throwing
 + Level 0.5 Armour
 + Level 2.4 Dodging
 + Level 8.5 Stealth
 + Level 1.0 Spellcasting
 + Level 0.9 Transmutations
 + Level 0.8 Poison Magic
 * Level 2.9 Invocations
 * Level 2.5 Evocations


You had 8 spell levels left.
You knew the following spells:

 Your Spells              Type           Power      Damage    Failure   Level
a - Sting                 Tmut/Pois      8%         1d3       99%         1

Your spell library contained the following spells:

 Spells                   Type           Power      Damage    Failure   Level
 Ensorcelled Hibernation  Hex/Ice        0%         N/A       100%        2
 Poisonous Vapours        Pois/Air       2%         N/A       100%        2
 Sublimation of Blood     Necr           0%         N/A       100%        2
 Portal Projectile        Hex/Tloc       0%         N/A       100%        3
 Spider Form              Tmut/Pois      2%         N/A       100%        3
 Anguish                  Hex/Necr       0%         N/A       100%        4
 Hailstorm                Conj/Ice       0%         3d3       100%        4
 Ice Form                 Ice/Tmut       1%         N/A       100%        4
 Olgreb's Toxic Radiance  Pois           2%         N/A       100%        4
 Petrify                  Tmut/Erth      1%         N/A       100%        4
 Blade Hands              Tmut           1%         N/A       100%        5
 Excruciating Wounds      Necr           0%         N/A       100%        5
 Irradiate                Conj/Tmut      0%         3d14      100%        5
 Summon Forest            Summ/Tloc      0%         N/A       100%        5
 Eringya's Noxious Bog    Tmut/Pois      1%         N/A       100%        6
 Simulacrum               Ice/Necr       0%         N/A       100%        6
 Summon Hydra             Summ           0%         N/A       100%        7


Dungeon Overview and Level Annotations

Branches:
Dungeon (7/15)             Temple (1/1) D:4

Altars:
Cheibriados
Elyvilon
Fedhas
Kikubaaqudgha
Makhleb
Nemelex Xobeh
Sif Muna
Trog
Uskayaw
Xom

Shops:
D:6 !


Innate Abilities, Weirdness & Mutations

You have razor-sharp teeth.
Your natural rate of healing is unusually fast.
When hurt, damage is shared between your health and your magic reserves.
Your bite disrupts and absorbs the magic of your enemies.
Potions cannot restore your health.


Message History

You kill the bullfrog!
Makhleb accepts your kill.
You can now gain health from killing.
Your Fighting skill increases to level 4!
Your Spellcasting skill increases to level 1!
Unknown command.
Casting: Sting (safe; 99% risk of failure)
Confirm with . or Enter, or press ? or * to list all spells.
Okay, then.
H - a scroll labelled OTYANOASA RAUG You open the door.
A komodo dragon comes into view.
Found a flail.
Found a stone staircase leading down.
There is an open door here.
The komodo dragon hisses angrily.
The komodo dragon bites you.
You hit the komodo dragon.
You bite the komodo dragon, but do no damage.
The komodo dragon is lightly wounded.
You hit the komodo dragon but do no damage.
You bite the komodo dragon. You drain its power.
You feel invigorated.
The komodo dragon is moderately wounded.
You block the komodo dragon's attack.
You hit the komodo dragon but do no damage.
Your bite misses the komodo dragon.
The komodo dragon is moderately wounded.
The komodo dragon bites you!
You barely miss the komodo dragon. You bite the komodo dragon.
You drain its power.
You feel invigorated.
The komodo dragon is moderately wounded.
The komodo dragon bites you!!
You hit the komodo dragon but do no damage.
Your bite misses the komodo dragon.
The komodo dragon is moderately wounded.
The komodo dragon bites you.
* * * LOW HITPOINT WARNING * * *
You closely miss the komodo dragon. You bite the komodo dragon.
You drain its power.
You feel invigorated.
The komodo dragon is heavily wounded.
The komodo dragon bites you!!
You die...

#.#.#.#.# #.#.#<#.#
#.#.###.#####
#.#..........
#.####.######
#........#
.#########.#......#.#
...........#.######.#
##...l@####.# #.#
......)>'....# #.#
#.#.....###### #.#
#.......# #.#
##......# #.#
#.####.# #.# #. #.#
#.# . ..# #.# #. #.#


You could see a komodo dragon.

Vanquished Creatures
  A water moccasin (D:4)
  A black bear (D:7)
  A sky beast (D:7)
  A necrophage (D:5)
  3 ogres
  2 bullfrogs
  2 scorpions
  A bullfrog zombie (D:6)
  2 centaur zombies (D:5)
  2 hounds
  A jelly (D:6)
  A bullfrog skeleton (D:6)
  An iron imp (D:3)
  Jessica (D:2)
  2 iguanas
  A hound skeleton (D:4)
  4 gnolls (D:2)
  A howler monkey skeleton (D:4)
  6 adders
  A white imp (D:5)
  An ufetubus (D:4)
  A worm (D:2)
  A dart slug (D:3)
  3 orcs (D:3)
  5 endoplasms
  6 giant cockroaches
  9 goblins
  9 hobgoblins
  9 jackals (D:1)
  11 kobolds
  6 quokkas
  12 ball pythons
  2 bats
  6 frilled lizards
  6 rats
122 creatures vanquished.

Notes
Turn   | Place    | Note
-------+----------+-------------------------------------------
     0 | D:1      | Kazon the Vine Stalker Brigand began the quest for the Orb.
     0 | D:1      | Reached XP level 1. HP: 11/11 MP: 2/2
    46 | D:1      | Reached skill level 5 in Stealth
   176 | D:1      | Reached XP level 2. HP: 12/15 MP: 3/3
   247 | D:1      | Reached XP level 3. HP: 15/18 MP: 4/4
   633 | D:1      | Reached skill level 6 in Stealth
   910 | D:2      | Gained mutation: Your natural rate of healing is unusually
                  | fast. [Vine Stalker growth]
   910 | D:2      | Reached XP level 4. HP: 22/23 MP: 5/5
   940 | D:2      | Found a faded altar of an unknown god.
  1095 | D:2      | Noticed Jessica
  1116 | D:2      | Killed Jessica
  1117 | D:2      | Reached skill level 1 in Dodging
  1286 | D:2      | Reached XP level 5. HP: 23/26 MP: 4/6
  1345 | D:2      | HP: 1/27 [gnoll/+0 spear (4)]
  1409 | D:3      | Found a bloodstained altar of Trog.
  1459 | D:3      | Noticed a phantom
  1486 | D:3      | Reached skill level 7 in Stealth
  1502 | D:3      | Found a snail-covered altar of Cheibriados.
  1722 | D:3      | Found a sparkling altar of Nemelex Xobeh.
  2344 | D:4      | Reached XP level 6. HP: 32/32 MP: 7/7
  2489 | D:4      | Found a staircase to the Ecumenical Temple.
  2496 | Temple   | Entered the Ecumenical Temple
  2521 | Temple   | Became a worshipper of Makhleb the Destroyer
  2569 | D:4      | Found a hide-covered altar of Uskayaw.
  2627 | D:4      | Learned a level 1 spell: Sting
  2696 | D:4      | Noticed a water moccasin
  2702 | D:4      | Killed a water moccasin
  2703 | D:4      | Reached skill level 1 in Invocations
  2703 | D:4      | Reached XP level 7. HP: 36/36 MP: 8/8
  2714 | D:4      | Reached skill level 1 in Evocations
  2883 | D:5      | Entered Level 5 of the Dungeon
  3084 | D:5      | Reached skill level 8 in Stealth
  3171 | D:5      | Identified a scroll of acquirement
  3171 | D:5      | Acquired a +5 quick blade
  3479 | D:6      | Gained mutation: You have razor-sharp teeth. [Vine Stalker
                  | growth]
  3479 | D:6      | Reached XP level 8. HP: 40/40 MP: 10/10
  3942 | D:6      | Found Vaffell's Distillery.
  3956 | D:6      | Bought a potion of mutation for 96 gold pieces
  3956 | D:6      | Bought a potion of lignification for 36 gold pieces
  3977 | D:6      | Found a shimmering altar of Xom.
  4131 | D:7      | Reached * piety under Makhleb
  4132 | D:7      | Reached skill level 1 in Spellcasting
  4288 | D:7      | Noticed a komodo dragon
  4296 | D:7      | Mangled by a komodo dragon

Illustrated notes

Levels and vault maps discovered:
D:1:      scummos_arrival_simple_crosswalls, layout_basic, minmay_tripent
D:2:      layout_basic, shapermc_ecumenical_altar_totnotflames, uniq_jessica
D:3:      minmay_skewed_foursquare, layout_basic, slow_altar_1,
          nemelex_diamond_rough_becter, mainiacjoe_overflow_surrounded_room
D:4:      layout_basic, nicolae_uskayaw_murder_on_the_dancefloor,
          minmay_temple_entry_mist, hex_tiny, hangedman_decor_diamond_cutter,
          minmay_misc_feat_tiny
D:5:      layout_basic
D:6:      layout_cave_pools, tgw_xom, serial_shops, shop, minmay_misc_feat_rows
D:7:      layout_basic
Temple:   cyrus_temple_forest

Skill      XL: |  1  2  3  4  5  6  7  8 |
---------------+-------------------------+-----
Stealth        | 5 6 7 8 |  8.5
Short Blades   | 2 3 4 |  4.7
Fighting       | 2 3 4 |  4.0
Throwing       | 2 |  2.7
Dodging        | 1 2 |  2.4
Invocations    | 1 2 |  2.9
Evocations     | 1 2 |  2.5
Spellcasting   | 1 |  1.0
Armour         | |  0.5
Transmutations | |  0.9
Poison Magic   | |  0.8

Action                   |  1- 3 |  4- 6 |  7- 9 || total
-------------------------+-------+-------+-------++-------
Melee: Dagger            |   111 |    38 |       ||   149
       Punch             |     3 |     3 |     1 ||     7
       Bite              |    25 |    35 |    34 ||    94
       Short sword       |       |    92 |    32 ||   124
       Quick blade       |       |       |    55 ||    55
Throw: Stone             |     6 |    30 |     6 ||    42
       Dart              |       |       |     7 ||     7
 Cast: Sting             |       |       |     5 ||     5
Evoke: Wand              |       |       |     6 ||     6
  Use: Scroll            |     2 |     9 |     2 ||    13
       Potion            |       |       |     1 ||     1
 Stab: Sleeping          |    14 |    12 |     6 ||    32
       Distracted        |     1 |       |       ||     1
Armor: Robe              |    17 |    21 |     7 ||    45
       Leather armour    |       |       |     5 ||     5
Dodge: Dodged            |    51 |    78 |    33 ||   162
Block: Tower shield      |       |       |     6 ||     6
